 Dungeon Crawl Stone Soup version 0.32-a0-656-g3542139ebd (webtiles) character file.

Game seed: 9052972137932678770

56 ytrimaz the Ruffian (level 3, -7/34 HPs)
             Began as an Octopode Shapeshifter on Mar 9, 2024.
             Mangled by an orc
             ... wielding a +0 war axe
              (8 damage)
             ... on level 4 of the Dungeon.
             The game lasted 00:00:54 (586 turns).

ytrimaz the Ruffian (Octopode Shapeshifter)          Turns: 586, Time: 00:00:54

Health: -7/34      AC: 21    Str: 13    XL:     3   Next: 97%
Magic:  3/3        EV:  2    Int: 14    God:
Gold:   35         SH:  0    Dex: 17    Spells: 2/2 levels left

rFire   . .          .
                       - Unarmed
rCold   . . .        (no shield)
rNeg    . . .        (helmet currently unavailable)
rPois   +            (no amulet)
rElec   .            k - +6 ring of dexterity
rCorr   .            (no ring)
SInv    .            (no ring)
Will    .....        (no ring)
Stlth   +            (no ring)
HPRegen 0.25/turn    (no ring)
MPRegen 0.08/turn    (no ring)
                     (no ring)

%: no passive effects
@: confused, tree-form
A: stationary, stasis, torment immunity, boosted hp, almost no armour,
(amphibious), 8 rings, (camouflage 1), (gelatinous body 1), (nimble swimmer 1),
(tentacles)
a: Convert to Beogh


You were on level 4 of the Dungeon.
You were a tree.
You visited 1 branch of the dungeon, and saw 3 of its levels.

You collected 35 gold pieces.


Innate Abilities, Weirdness & Mutations

You are a tree.
Your roots penetrate the ground, keeping you stationary.
You cannot be teleported.
You are immune to unholy pain and torment.
Your maximum health is greatly increased.
You cannot wear most types of armour.
((You are amphibious.))
You can wear up to eight rings at the same time.
((Your skin changes colour to match your surroundings (Stealth+).))
((Your rubbery body absorbs attacks. (AC +1, EV +1)))
((You are camouflaged when in or above water. (Stealth+)))
((You have tentacles for arms and can constrict up to eight enemies at once.))


   Skills:
 - Level 1.0 Fighting
 - Level 2.0 Dodging
 + Level 3.9 Unarmed Combat
 + Level 3.8 Shapeshifting


You had 2 spell levels left.
You didn't know any spells.
Your spell library contained the following spells:

 Spells                   Type           Power      Damage    Failure   Level
 Magic Dart               Conj           0%         1d3       28%         1
 Searing Ray              Conj           0%         2d4       41%         2
 Fulminant Prism          Conj/Alch      0%         3d5       96%         4
 Ignite Poison            Fire/Alch      0%         N/A       96%         4
 Sticky Flame             Fire/Alch      0%         2d4       96%         4
 Ignition                 Fire           0%         3d3       100%        8

Inventory:

Jewellery
 k - a +6 ring of dexterity (left branch)
   (You found it on level 2 of the Dungeon)
Talismans
 b - a beast talisman (active)
 c - a flux talisman
Scrolls
 d - a scroll of noise {unknown}
 e - a scroll of blinking {unknown}
 g - a scroll of amnesia {unknown}
 h - a scroll of identify {unknown}
 i - a scroll of vulnerability {unknown}
Potions
 f - a potion of ambrosia {unknown}
 j - 2 potions of haste {unknown}

Dungeon Overview and Level Annotations

Branches:
Dungeon (2/15) Zot: 17417

Altars:

#..#†#..###
+.#.#[#.'.##
#..#.#..#..#
#...#...##.# .
#.......##.##
..####+####...#
.>.........##.#
........o..# .#
..#.♣o..# .#
##oo..# .#
##...# .#
##......$#
#.####.#.# #.#
# #o# #o. ##


You could see an orc priest, an orc wizard and 2 orcs.


Message History

Your grab misses the hobgoblin. You tentacle-slap the hobgoblin.
Your squeeze misses the hobgoblin. The hobgoblin hits you. 😕 HP[-2]
You take 2 damage, and now have 21/23 hp.
You tentacle-slap the hobgoblin.
You kill the hobgoblin!
No target in view!
You open the door.
There is an open door here.
An orc comes into view. It is wielding a +0 flail. 😎 HP[+2]
Your hp is fully restored (23).
An orc is nearby!
An orc is nearby!
Unknown command.
An orc wizard comes into view. It is wielding a +0 dagger.
An orc comes into view. It is wielding a +0 war axe.
The orc wizard shouts!
The orc shouts!
You hear a shout!
An orc priest comes into view. It is wielding a +0 war axe.
The orc barely misses you.
The orc wizard gestures at you while chanting.
You are confused.
You are too confused!
Unknown command.
Found a stone staircase leading down.
You're too confused to move!
The orc barely misses you.
The orc hits you with a +0 flail. 😕 HP[-3]
You take 3 damage, and now have 20/23 hp.
Unknown command.
You're too confused to move!
You feel less confused. The orc closely misses you.
The orc wizard hits you with a +0 dagger. 😮 HP[-3]
You take 3 damage, and now have 17/23 hp.
You closely miss the orc wizard. You grab the orc wizard.
You constrict the orc wizard. The orc wizard completely misses you.
The orc hits you with a +0 flail.
The orc priest shouts, "The Pantheon deserves no one's loyalty.
Let us show you the true path!" (press Y on the ability menu to convert to Beogh) 😮 HP[-4]
You take 4 damage, and now have 13/23 hp.
You tentacle-slap the orc wizard.
You squeeze the orc wizard, but do no damage.
You constrict the orc wizard. The orc wizard closely misses you.
The orc barely misses you.
Unknown command.
Your transformation has ended.
You turn into a tree.
Your roots penetrate the ground.
You lose your grip on the orc wizard.
The orc wizard gestures at you while chanting.
You are confused.
The orc hits you but does no damage. x2 😮 HP[+7]
You now have 34 max hp (+11).
You regained 7 hp, and now have 20/34 hp.
You cannot move. (Use ctrl+direction or * direction to attack while stationary and confused.) Unknown command.
Unknown command.
You cannot move. (Use ctrl+direction or * direction to attack while stationary and confused.)
You cannot move. (Use ctrl+direction or * direction to attack while stationary and confused.) Unknown command.
You miss the orc wizard. The orc hits you but does no damage.
The orc wizard hits you but does no damage.
The orc hits you but does no damage.
You miss the orc wizard. The orc completely misses you.
The orc wizard gestures at you while chanting.
You are more confused.
The orc hits you but does no damage. 😮 HP[+1]
You closely miss the orc wizard. Your punch misses the orc wizard.
The orc hits you but does no damage.
The orc priest threatens, "Beogh's wrath is as vast as their mercy.
Make your choice!"
The orc priest hits you with a +0 war axe.
* * * LOW HITPOINT WARNING * * *
The orc hits you but does no damage.
The orc wizard hits you but does no damage. 😨 HP[-4]
You take 4 damage, and now have 17/34 hp.
You swing at nothing.
You swing at nothing.
The orc priest hits you with a +0 war axe.
* * * LOW HITPOINT WARNING * * *
The orc hits you with a +0 flail.
* * * LOW HITPOINT WARNING * * *
The orc hits you with a +0 war axe.
* * * LOW HITPOINT WARNING * * *
The orc wizard hits you with a +0 dagger.
* * * LOW HITPOINT WARNING * * *
😱 HP[-12]
You take 12 damage, and now have 5/34 hp.
MASSIVE DAMAGE!! (PAUSE)
You closely miss the orc.
The orc priest hits you but does no damage.
The orc hits you with a +0 flail.
* * * LOW HITPOINT WARNING * * *
The orc hits you with a +0 war axe!
You die...

Action                     || total
---------------------------++-------
  Melee: Unarmed           ||    56
         Tentacles         ||     9
         Constrict         ||    13
         Punch             ||     3
    Use: Potion            ||     1
   Stab: Sleeping          ||     5
 Armour: Skin              ||    38
  Dodge: Dodged            ||    33

Levels and vault maps discovered:
D:1:      minmay_arrival_open_corners, layout_rooms, basic_ecumenical_altar
D:2:      layout_rooms
D:4:      layout_loops_ring, mainiacjoe_overflow_24_doors, temple_hall,
          gup_sewer_entry_spiral, dreamdust_wishing_well,
          kennysheep_generic_room_10

Notes
Turn   | Place    | Note
-------+----------+-------------------------------------------
     0 | D:1      | ytrimaz the Octopode Shapeshifter began the quest for the
                  | Orb.
     0 | D:1      | Reached XP level 1. HP: 13/13 MP: 1/1
     0 | D:1      | magus.rc [v1.9.6]
    84 | D:1      | Reached XP level 2. HP: 14/18 MP: 2/2
   192 | D:1      | Found a faded altar of an unknown god.
   396 | D:1      | You pick up a book of Conjurations and begin reading...
   396 | D:1      | You add the spells Magic Dart, Searing Ray and Fulminant
                  | Prism to your library.
   409 | D:1      | Reached XP level 3. HP: 23/23 MP: 3/3
   529 | D:2      | You add the spells Ignite Poison, Sticky Flame and Ignition
                  | to your library.
   542 | D:2      | You fall into a shaft and drop 2 floors!
   585 | D:4      | HP: 6/34 [orc/+0 war axe (4)]
   586 | D:4      | HP: 1/34 [orc/+0 flail (5)]
   586 | D:4      | Mangled by an orc

Vanquished Creatures
  An iguana (D:4)
  A dart slug (D:1)
  3 endoplasms (D:1)
  A giant cockroach (D:1)
  4 goblins
  2 hobgoblins
  2 quokkas (D:1)
  7 bats (D:1)
  2 frilled lizards (D:1)
  5 rats (D:1)
28 creatures vanquished.

Table legend:
 A = Non-vault XP
 B = Vault XP
 C = Vault XP percentage of total XP
 D = Non-vault monster count
 E = Vault monster count
 F = Vault count percentage of total count
                 A         B        C        D         E       F
            +---------+---------+-------+---------+---------+-------
      Total |      43 |      38 |  46.9 |      26 |       2 |   7.1
            +---------+---------+-------+---------+---------+-------
        D:1 |      39 |       0 |   0.0 |      24 |       0 |   0.0
        D:2 |       4 |       0 |   0.0 |       2 |       0 |   0.0
        D:4 |       0 |      38 | 100.0 |       0 |       2 | 100.0
            +---------+---------+-------+---------+---------+-------

Action                     || total
---------------------------++-------
  Melee: Unarmed           ||    56
         Tentacles         ||     9
         Constrict         ||    13
         Punch             ||     3
    Use: Potion            ||     1
   Stab: Sleeping          ||     5
 Armour: Skin              ||    38
  Dodge: Dodged            ||    33

Illustrated notes

Table legend:
 A = Kills in this place as a percentage of kills in the entire game.
 B = Kills by you in this place as a percentage of kills by you in the entire game.
 C = Kills by friends in this place as a percentage of kills by friends in the entire game.
 D = Other kills in this place as a percentage of other kills in the entire game.
 E = Experience gained in this place as a percentage of experience gained in the entire game.
 F = Experience gained in this place divided by the number of levels of this place that you have seen.
                   A       B       C       D       E      F
               +-------+-------+-------+-------+-------+----------------------
         Total | 100.0 | 100.0 |   N/A |   N/A | 100.0 |  27.0
       Dungeon | 100.0 | 100.0 |   N/A |   N/A | 100.0 |  27.0
               +-------+-------+-------+-------+-------+----------------------

Table legend: (Time is in decaauts)
 A = Elapsed time spent in this place.
 B = Non-inter-level travel time spent in this place.
 C = Inter-level travel time spent in this place.
 D = Time resting spent in this place.
 E = Time spent auto-exploring this place.
 F = Levels seen in this place.
 G = Mean time per level.
                   A        B        C        D        E       F      G
               +--------+--------+--------+--------+--------+-----+--------+
         Total |    581 |    575 |      6 |     35 |    361 |   3 |  193.7 |
       Dungeon |    581 |    575 |      6 |     35 |    361 |   3 |  193.7 |
               +--------+--------+--------+--------+--------+-----+--------+

Top non-repeatable levels by time:
     D:1: 506 daAuts
     D:4: 42 daAuts
     D:2: 31 daAuts
